 Dungeon Crawl Stone Soup version 0.14-a0-2746-g43b4f9c (webtiles) character file.

93 Neoxx the Cudgeler (level 3, -11/36 HPs)
             Began as an Ogre Gladiator on Feb 22, 2014.
             Mangled by a gnoll
             ... wielding a +0,+1 halberd
              (12 damage)
             ... on Level 2 of the Dungeon.
             The game lasted 00:03:53 (1136 turns).

Neoxx the Cudgeler (Ogre Gladiator)                 Turns: 1136, Time: 00:03:54

HP -11/36        AC  3     Str 20      XL: 3   Next: 93%
MP   3/3         EV 10     Int  7      God:
Gold 38          SH  0     Dex 11      Spells:  0 memorised,  2 levels left

rFire  . . .     SeeInvis .     a - +0 mace
rCold  . . .     Clarity  .     b - +0 animal skin
rNeg   . . .     Conserve .     (shield restricted)
rPois  .         rCorr    .     c - +0 hat
rElec  .         rRot     .     (no cloak)
SustAb . .       Spirit   .     (gloves unavailable)
rMut   .         Warding  .     (boots unavailable)
Saprov + . .     Stasis   .     (no amulet)
MR     .....                    (no ring)
                                (no ring)

@: confused, not resistant to hostile enchantments, very unstealthy
A: unfitting armour, fast metabolism 1, saprovore 1, tough skin 1
a: no special abilities


You were on level 2 of the Dungeon.
You were not hungry.

You visited 1 branch of the dungeon, and saw 2 of its levels.

You collected 38 gold pieces.

Inventory:

Hand weapons
 a - a +0,+0 mace (weapon)
Missiles
 d - 3 throwing nets
 e - 29 darts
 i - 3 darts of flame (quivered)
Armour
 b - a +0 animal skin (worn)
 c - a +0 hat (worn)
Comestibles
 f - 3 meat rations
 r - a chunk of hobgoblin flesh
 s - 2 chunks of goblin flesh
 t - a chunk of rat flesh
 w - a bread ration
 x - a chunk of rat flesh
Scrolls
 g - 7 scrolls of identify {unknown}
 h - a scroll of fog {unknown}
 k - 3 scrolls of teleportation {unknown}
 q - a scroll of noise {unknown}
 u - a scroll of enchant weapon II {unknown}
 v - a scroll of blinking {unknown}
Jewellery
 o - an uncursed ring of ice
Potions
 n - a potion of heal wounds {unknown}
 p - a potion of resistance {unknown}


   Skills:
 - Level 2.6 Fighting
 + Level 6.2 Maces & Flails
 - Level 2.1 Throwing
 - Level 2.6 Dodging


You had 2 spell levels left.
You didn't know any spells.

Dungeon Overview and Level Annotations

Branches:
Dungeon (2/16)

Altars:


Innate Abilities, Weirdness & Mutations

You are too large for most types of armour.
You have a fast metabolism.
You can tolerate rotten meat.
You have tough skin (AC +1).


Message History

Drink which item? (? for menu, Esc to quit)
Magic courses through your body.
It was a potion of magic.
The gnoll hits you from afar with a spear!
* * * LOW HITPOINT WARNING * * *
Drink which item? (? for menu, Esc to quit)
You feel better.
It was a potion of curing.
The gnoll misses you. The gnoll hits you with a spear.
* * * LOW HITPOINT WARNING * * *
Drink which item? (? for menu, Esc to quit)
You feel better. The gnoll closely misses you.
The gnoll hits you with an uncursed whip.
The gnoll hits you with a spear!
* * * LOW HITPOINT WARNING * * *
Drink which item? (? for menu, Esc to quit)
You are confused.
It was a potion of confusion.
The gnoll hits you with a club.
* * * LOW HITPOINT WARNING * * *
The gnoll completely misses you.
The gnoll hits you from afar with a halberd!
You die...

# #.# ######.## #.#
........# #.# ..####.##
#.###################
.......#
#.......<...........#
..####.#
########.####.#####.# ..#
#.# #.# #.# #.# ..####.#
######.####.# #.#
.....#.#######..@gg......#
#.#
..##...%%......gg...######
#.# .#####.#######.######
#.# ..g.g..# #...# #.#
######## ###...### #.# .#
#.......######### #.# .#
#...............# ##.## .#
#.......#######.# #...# .#
###...### #.# #...#


You could see 4 gnolls.

Vanquished Creatures
  A gnoll (D:2)
  An adder (D:2)
  A worm (D:2)
  3 bats
  A giant cockroach (D:1)
  2 goblins (D:2)
  4 hobgoblins
  3 jackals (D:2)
  A quokka (D:2)
  5 giant newts
  5 kobolds
  5 rats
32 creatures vanquished.

Notes
Turn   | Place    | Note
--------------------------------------------------------------
     0 | D:1      | Neoxx, the Ogre Gladiator, began the quest for the Orb.
     0 | D:1      | Reached XP level 1. HP: 22/22 MP: 1/1
   317 | D:1      | Reached XP level 2. HP: 29/29 MP: 2/2
   723 | D:2      | Reached skill level 5 in Maces & Flails
   865 | D:2      | Reached XP level 3. HP: 28/36 MP: 3/3
  1103 | D:2      | Reached skill level 6 in Maces & Flails
  1136 | D:2      | HP: 1/36 [gnoll/club (3)]
  1136 | D:2      | Mangled by a gnoll

Action                   || total
-------------------------++-------
Melee: Mace              ||    89
Throw: Dart              ||     4
       Throwing net      ||     1
  Use: Potion            ||     4
 Stab: Held in net/web   ||     1
